[Event "Titled Tuesday Blitz August 22 Early 2023"]
[White "Sun, Rick"]
[Black "Farmani Anosheh, Armin"]
[WhiteFideId "30909481"]
[BlackFideId "24613240"]
[WhiteElo "2608"]
[BlackElo "2419"]
[Result "1-0"]
[Round "6"]
[TimeControl "180+1"]
[Date "2023.08.22"]
[WhiteClock "0:00:03"]
[BlackClock "0:00:00"]
[Board "131"]

1. e4 c5 2. Nf3 Nc6 3. d4 cxd4 4. Nxd4 Nf6 5. Nc3 e5 6. Ndb5 d6 7. Bg5 a6 8. Bxf6 gxf6 9. Na3 b5 10. Nd5 f5 11. Bxb5 axb5 12. Nxb5 Ra4 13. Nbc7+ Kd7 14. b4 Rxb4 15. O-O Ne7 16. Nxb4 Qxc7 17. a4 Bb7 18. a5 Bxe4 19. a6 Ba8 20. Nd3 Rg8 21. Nxe5+ Kc8 22. Nf3 Nd5 23. Re1 Bg7 24. Ra3 Bc3 25. Re2 Nf4 26. Re3 Rxg2+ 27. Kh1 Bb4 28. Rab3 Bc5 29. Re8+ Kd7 30. Rxa8 Qc6 31. Rf8 Ng6 32. Rxf7+ Ke6 33. Rxh7 Rxf2 34. Qe1+ 1-0


[Site "https://www.chess.com"]

[Event "Titled Tuesday Blitz August 22 Early 2023"]
[White "Czopor, Maciej"]
[Black "Baghdasaryan, Vahe"]
[WhiteFideId "21805431"]
[BlackFideId "13303139"]
[WhiteElo "2604"]
[BlackElo "2418"]
[Result "1-0"]
[Round "6"]
[TimeControl "180+1"]
[Date "2023.08.22"]
[WhiteClock "0:00:52"]
[BlackClock "0:00:06"]
[Board "132"]

1. d4 d5 2. c4 e6 3. g4 dxc4 4. Bg2 c6 5. h4 Nd7 6. Nc3 Nb6 7. g5 h5 8. a4 a5 9. Bf4 Ne7 10. e4 Ng6 11. Bg3 Bd6 12. Nge2 Bxg3 13. fxg3 e5 14. d5 cxd5 15. exd5 Bg4 16. O-O Qd6 17. Kh2 O-O 18. Qd2 Qb4 19. Be4 Rad8 20. Rf2 Ne7 21. Qe3 Nbxd5 22. Bxd5 Nxd5 23. Qxe5 Nxc3 24. Nxc3 Qb6 25. Raf1 Rd3 26. Nd5 Qc5 27. Nf6+ gxf6 28. Qxc5 fxg5 29. Qxg5+ Kh8 30. Rxf7 Rxf7 31. Rxf7 Rd2+ 32. Qxd2 1-0


[Site "https://www.chess.com"]

[Event "Titled Tuesday Blitz August 22 Early 2023"]
[White "Caspi, Israel"]
[Black "Vivas Zamora, Fabian Ernesto"]
[WhiteFideId "2807394"]
[BlackFideId "3902480"]
[WhiteElo "2586"]
[BlackElo "2417"]
[Result "0-1"]
[Round "6"]
[TimeControl "180+1"]
[Date "2023.08.22"]
[WhiteClock "0:00:54"]
[BlackClock "0:00:09"]
[Board "133"]

1. d4 d5 2. c4 c6 3. Nf3 Nf6 4. e3 e6 5. Nc3 Nbd7 6. b3 Bb4 7. Bd2 O-O 8. Bd3 dxc4 9. bxc4 e5 10. Qc2 Qe7 11. dxe5 Nxe5 12. Nxe5 Qxe5 13. Rb1 Ba5 14. h3 Rd8 15. O-O Bc7 16. f4 Qd6 17. Bxh7+ Nxh7 18. Ne4 Qd3 19. Qxd3 Rxd3 20. Rb3 Rxb3 21. axb3 Bf5 22. Nc5 Bb6 23. Nxb7 Rb8 24. Nd6 Rd8 25. Nxf5 Rxd2 26. b4 g6 27. Ne7+ Kf8 28. Nxc6 Bxe3+ 29. Kh2 Nf6 30. Rf3 Bd4 31. c5 Nd5 32. f5 g5 33. b5 Bxc5 34. f6 Bd6+ 35. Kg1 Nf4 36. g3 Bc5+ 37. Kf1 Rd1# 0-1


[Site "https://www.chess.com"]

[Event "Titled Tuesday Blitz August 22 Early 2023"]
[White "brm72"]
[Black "Romero Ruscalleda, Josep"]
[BlackFideId "2231859"]
[WhiteElo "2571"]
[BlackElo "2415"]
[Result "0-1"]
[Round "6"]
[TimeControl "180+1"]
[Date "2023.08.22"]
[WhiteClock "0:00:46"]
[BlackClock "0:01:24"]
[Board "134"]

1. e4 g6 2. d4 Bg7 3. Nc3 d6 4. Be3 a6 5. Qd2 b5 6. h4 h5 7. Nh3 Bxh3 8. Rxh3 Nf6 9. f3 Nbd7 10. Bd3 Rc8 11. d5 c5 12. dxc6 Rxc6 13. O-O-O Nc5 14. Kb1 O-O 15. Bh6 Nxd3 16. cxd3 b4 17. Ne2 Qb6 18. d4 Rfc8 19. Bxg7 Kxg7 20. e5 Nd5 21. Ka1 dxe5 22. dxe5 Ne3 23. Rdh1 Rc2 24. Qd3 Rd8 25. Qe4 Rdd2 26. f4 Rxe2 0-1


[Site "https://www.chess.com"]

[Event "Titled Tuesday Blitz August 22 Early 2023"]
[White "ExchangeAB"]
[Black "Jia, Haoxiang"]
[BlackFideId "8602999"]
[WhiteElo "2412"]
[BlackElo "2565"]
[Result "0-1"]
[Round "6"]
[TimeControl "180+1"]
[Date "2023.08.22"]
[WhiteClock "0:00:00"]
[BlackClock "0:00:10"]
[Board "135"]

1. d4 Nf6 2. Nc3 d6 3. e4 g6 4. Bf4 Bg7 5. Qd2 c6 6. O-O-O b5 7. e5 dxe5 8. Bxe5 Nbd7 9. f4 O-O 10. Nf3 Nb6 11. b3 a5 12. Bd3 a4 13. Ne4 axb3 14. cxb3 Nbd5 15. Nc5 b4 16. Na4 Rxa4 17. bxa4 Qa5 18. Bc2 Nc3 19. Rde1 Be6 20. Bb3 Bf5 21. Re3 Nfd5 22. Bxg7 Kxg7 23. Re5 Nxa4 24. h3 Nac3 25. g4 Bb1 26. Rh2 Ra8 27. f5 Bxa2 28. Bxa2 Nxa2+ 29. Kd1 Nac3+ 30. Ke1 Qa1+ 31. Kf2 Ra2 32. Kg3 Rxd2 33. Rxd2 f6 34. Re6 Qa6 35. h4 gxf5 36. gxf5 b3 37. Kh3 Qc8 38. Rg2+ Kf7 39. h5 Nf4+ 0-1


[Site "https://www.chess.com"]

[Event "Titled Tuesday Blitz August 22 Early 2023"]
[White "Kozin, Yuri"]
[Black "Melikhov, Evgeny V."]
[WhiteFideId "4129920"]
[BlackFideId "4122046"]
[WhiteElo "2564"]
[BlackElo "2408"]
[Result "1/2-1/2"]
[Round "6"]
[TimeControl "180+1"]
[Date "2023.08.22"]
[WhiteClock "0:00:46"]
[BlackClock "0:01:03"]
[Board "136"]

1. e4 e5 2. Nf3 Nc6 3. Bb5 a6 4. Ba4 Nf6 5. O-O Nxe4 6. d4 b5 7. Bb3 d5 8. dxe5 Be6 9. Be3 Be7 10. c3 O-O 11. Nbd2 Qd7 12. a4 f5 13. exf6 Nxf6 14. Qe2 Na5 15. Ne5 Qe8 16. Bc2 Nc4 17. Nexc4 bxc4 18. b3 cxb3 19. Nxb3 Qd7 20. Rfe1 Bf5 21. Bxf5 Qxf5 22. Nd4 Qd7 23. Bg5 Bd6 24. Bxf6 Rxf6 25. Qh5 c6 26. g3 Raf8 27. f4 Bc5 28. Kg2 Bxd4 29. cxd4 Rf5 30. Qg4 Qd6 31. Re2 c5 32. dxc5 Qxc5 33. Rae1 d4 34. Re7 Qd5+ 35. Kg1 R5f7 36. R7e5 Qd7 37. Qf3 Rd8 38. Rd1 Re7 39. Qe4 Rxe5 40. fxe5 d3 41. e6 Qd4+ 42. Qxd4 Rxd4 43. Kf2 Rxa4 44. Rxd3 Kf8 45. Rd7 Re4 46. Rf7+ Kg8 47. Re7 Kf8 48. Rf7+ Kg8 49. Re7 Kf8 50. Rf7+ 1/2-1/2


[Site "https://www.chess.com"]

[Event "Titled Tuesday Blitz August 22 Early 2023"]
[White "Ganiev, Roman"]
[Black "Rom, Jasper"]
[WhiteFideId "4131452"]
[BlackFideId "2023733"]
[WhiteElo "2559"]
[BlackElo "2409"]
[Result "1-0"]
[Round "6"]
[TimeControl "180+1"]
[Date "2023.08.22"]
[WhiteClock "0:00:15"]
[BlackClock "0:00:00"]
[Board "137"]

1. e4 e6 2. d4 d5 3. Nc3 Nf6 4. Bg5 dxe4 5. Nxe4 Be7 6. Bxf6 gxf6 7. Qd2 f5 8. Nc3 a6 9. O-O-O b5 10. Kb1 Bb7 11. Nge2 c5 12. Qh6 Bg5 13. Qh5 c4 14. d5 O-O 15. dxe6 Qe7 16. h4 Bf6 17. exf7+ Rxf7 18. Rh3 Bg7 19. Re3 Qf8 20. Nf4 Nd7 21. Ne6 Qb4 22. a3 Qa5 23. Ng5 Rf6 24. Qxh7+ Kf8 25. Rxd7 1-0


[Site "https://www.chess.com"]

[Event "Titled Tuesday Blitz August 22 Early 2023"]
[White "Avazkhonov, Alikhon"]
[Black "Hnydiuk, Aleksander"]
[WhiteFideId "14208504"]
[BlackFideId "1109057"]
[WhiteElo "2403"]
[BlackElo "2546"]
[Result "1-0"]
[Round "6"]
[TimeControl "180+1"]
[Date "2023.08.22"]
[WhiteClock "0:02:25"]
[BlackClock "0:00:05"]
[Board "138"]

1. d4 c5 2. d5 g6 3. e4 Bg7 4. c4 d6 5. Nc3 Nf6 6. Bd3 O-O 7. Nge2 e5 8. O-O Nh5 9. h3 f5 10. f3 Bf6 11. exf5 gxf5 12. g4 Ng7 13. Ng3 Bg5 14. Nxf5 Nxf5 15. Bxf5 Bxf5 16. gxf5 Rxf5 17. Ne4 Bxc1 18. Qxc1 Kh8 19. Qh6 1-0


[Site "https://www.chess.com"]

[Event "Titled Tuesday Blitz August 22 Early 2023"]
[White "Bogaudinov, Rushan"]
[Black "Najdin, Danil"]
[WhiteFideId "4129288"]
[BlackFideId "4172426"]
[WhiteElo "2402"]
[BlackElo "2533"]
[Result "0-1"]
[Round "6"]
[TimeControl "180+1"]
[Date "2023.08.22"]
[WhiteClock "0:01:00"]
[BlackClock "0:01:42"]
[Board "139"]

1. e4 e5 2. Nc3 Nf6 3. g3 d5 4. exd5 Nxd5 5. Bg2 Nxc3 6. bxc3 c6 7. Nf3 Bd6 8. O-O O-O 9. Re1 Bg4 10. h3 Bh5 11. g4 Bg6 12. Nxe5 Nd7 13. Nxg6 fxg6 14. d4 Qh4 15. Be3 Rae8 16. Qd2 h6 17. c4 Nf6 18. c5 Bc7 19. Rab1 Ne4 20. Rxb7 Nxd2 21. Rxc7 Rxe3 0-1


[Site "https://www.chess.com"]

[Event "Titled Tuesday Blitz August 22 Early 2023"]
[White "Smiechu"]
[Black "Ismayil, Malak"]
[BlackFideId "13412604"]
[WhiteElo "2398"]
[BlackElo "2528"]
[Result "1-0"]
[Round "6"]
[TimeControl "180+1"]
[Date "2023.08.22"]
[WhiteClock "0:01:35"]
[BlackClock "0:01:14"]
[Board "140"]

1. e4 e5 2. Nf3 Nc6 3. d4 exd4 4. Nxd4 Bc5 5. Nb3 Bb6 6. Nc3 d6 7. Qe2 Nf6 8. Be3 O-O 9. O-O-O Re8 10. f3 Be6 11. g4 Ne5 12. g5 Nfd7 13. h4 Bc4 14. Qf2 Bxf1 15. Rhxf1 Nc4 16. Bd4 a5 17. Nd5 Bxd4 18. Nxd4 a4 19. Nf5 a3 20. b3 Nce5 21. f4 Nc6 22. Rg1 Rxe4 23. Qf3 Nc5 24. Qc3 Ne6 25. Nxg7 Nxg7 26. Nf6+ Kh8 27. Nxe4 Qd7 28. h5 1-0


[Site "https://www.chess.com"]

[Event "Titled Tuesday Blitz August 22 Early 2023"]
[White "Lehtosaari, Mauri"]
[Black "Polaczek, Richard"]
[WhiteFideId "501999"]
[BlackFideId "200026"]
[WhiteElo "2514"]
[BlackElo "2395"]
[Result "1-0"]
[Round "6"]
[TimeControl "180+1"]
[Date "2023.08.22"]
[WhiteClock "0:02:10"]
[BlackClock "0:01:41"]
[Board "141"]

1. d4 Nf6 2. Nf3 d5 3. Bg5 e6 4. Nbd2 b6 5. e3 Bb7 6. Bd3 Be7 7. c3 Ne4 8. Bxe7 Qxe7 9. a4 Nxd2 10. Qxd2 a6 11. Ne5 Nd7 12. f4 O-O 13. O-O Nxe5 14. fxe5 f5 15. exf6 Rxf6 16. Rxf6 Qxf6 17. Rf1 Qe7 18. Qf2 g6 19. Qg3 Rf8 20. Rxf8+ Kxf8 21. h4 Kg7 22. h5 Qf7 23. Qe5+ Kh6 24. hxg6 hxg6 25. Qh8+ Kg5 26. g3 Kg4 27. Be2+ Kf5 28. Qe5# 1-0


[Site "https://www.chess.com"]

[Event "Titled Tuesday Blitz August 22 Early 2023"]
[White "Prudnykova, Olga"]
[Black "ATM622"]
[WhiteFideId "14121093"]
[WhiteElo "2394"]
[BlackElo "2505"]
[Result "0-1"]
[Round "6"]
[TimeControl "180+1"]
[Date "2023.08.22"]
[WhiteClock "0:00:13"]
[BlackClock "0:00:37"]
[Board "142"]

1. e4 c6 2. d4 d5 3. exd5 cxd5 4. c4 e6 5. Nc3 Nf6 6. Nf3 Nc6 7. c5 Ne4 8. Bd3 f5 9. O-O Be7 10. Bb5 O-O 11. Bxc6 bxc6 12. Bf4 g5 13. Be5 g4 14. Ne1 Ba6 15. Ne2 Bf6 16. Nd3 Bxd3 17. Qxd3 Bxe5 18. dxe5 Nxc5 19. Qc2 Qb6 20. Rac1 Nd7 21. Qxc6 Nxe5 22. Qc3 Qd6 23. Rfd1 Rac8 24. Qa5 Qb6 25. Qd2 Ng6 26. b3 h5 27. Qh6 Kf7 28. Qxh5 Rh8 29. Qg5 Rxc1 30. Rxc1 Qd6 31. Ng3 Qf4 32. Qxf4 Nxf4 33. Rc7+ Kf6 34. Nf1 Ne2+ 35. Kh1 d4 36. f3 g3 37. Rc2 d3 38. Rd2 Rc8 39. Rd1 gxh2 40. Nxh2 Ke5 41. Nf1 Rh8+ 42. Nh2 Kd4 43. g4 fxg4 44. fxg4 Kc3 45. Kg2 Kc2 46. Rf1 d2 47. Nf3 d1=Q 48. Rxd1 Kxd1 49. Ne5 Kd2 50. Kf3 Rf8+ 51. Ke4 Rf4# 0-1


[Site "https://www.chess.com"]

[Event "Titled Tuesday Blitz August 22 Early 2023"]
[White "Tikhonov, Viacheslav"]
[Black "pasteta13"]
[WhiteFideId "44196407"]
[WhiteElo "2505"]
[BlackElo "2391"]
[Result "0-1"]
[Round "6"]
[TimeControl "180+1"]
[Date "2023.08.22"]
[WhiteClock "0:00:52"]
[BlackClock "0:00:05"]
[Board "143"]

1. d4 Nf6 2. c4 e6 3. Nf3 Bb4+ 4. Bd2 Qe7 5. Nc3 Nc6 6. e3 d5 7. Bd3 O-O 8. a3 Bxc3 9. Bxc3 Ne4 10. Qc2 f5 11. Rc1 Bd7 12. b4 Nd8 13. Ne5 Nf7 14. Nxd7 Qxd7 15. f3 Nxc3 16. Qxc3 Nd6 17. cxd5 exd5 18. Qxc7 Qe6 19. Kf2 Rfe8 20. Rce1 Rac8 21. Qa5 Rc3 22. Bb5 Re7 23. Re2 Rxe3 24. Qd8+ Ne8 25. Qxe7 Rxe2+ 26. Bxe2 Qxe7 27. Re1 Qf6 28. Ke3 Qg5+ 29. f4 Qxg2 30. Bf3 Qa2 31. Kd3 Nf6 32. Rc1 Qxa3+ 33. Rc3 Qxb4 34. Rc5 a5 35. Bd1 a4 36. Rc8+ Kf7 37. Rc3 a3 38. Rb3 Qc4+ 39. Ke3 a2 40. Rxb7+ Kg6 41. Ra7 a1=Q 42. Rxa1 Qc3+ 0-1


[Site "https://www.chess.com"]

[Event "Titled Tuesday Blitz August 22 Early 2023"]
[White "Perez, Maximiliano"]
[Black "Yuruultei Batbaatar"]
[WhiteFideId "117234"]
[BlackFideId "4905962"]
[WhiteElo "2504"]
[BlackElo "2390"]
[Result "1-0"]
[Round "6"]
[TimeControl "180+1"]
[Date "2023.08.22"]
[WhiteClock "0:01:46"]
[BlackClock "0:01:53"]
[Board "144"]

1. d4 Nf6 2. Bf4 g6 3. e3 Bg7 4. Nc3 O-O 5. h4 h5 6. Nh3 c5 7. Ng5 cxd4 8. exd4 d6 9. Bc4 e5 10. dxe5 dxe5 11. Qxd8 Rxd8 12. Bxf7+ Kf8 13. Be3 Nc6 14. Bc5+ Ne7 15. Bxg6 b6 16. Bxe7+ Kxe7 17. O-O Be6 18. Rad1 Bc4 19. Rfe1 Rxd1 20. Rxd1 Bh6 21. Nge4 Rg8 22. Bf5 Nxe4 23. Bxe4 Rg4 24. Bd5 Rxh4 25. g3 Rg4 26. f3 Rxg3+ 27. Kf2 Bxd5 28. Nxd5+ 1-0


[Site "https://www.chess.com"]

[Event "Titled Tuesday Blitz August 22 Early 2023"]
[White "Kovalevsky, Stanislav"]
[Black "Rodriguez Fontecha, Marcos"]
[WhiteFideId "13508598"]
[BlackFideId "2256576"]
[WhiteElo "2503"]
[BlackElo "2381"]
[Result "1-0"]
[Round "6"]
[TimeControl "180+1"]
[Date "2023.08.22"]
[WhiteClock "0:00:03"]
[BlackClock "0:00:00"]
[Board "145"]

1. e4 e6 2. c4 d5 3. cxd5 exd5 4. exd5 Nf6 5. Nc3 g6 6. Bb5+ Nbd7 7. Qe2+ Be7 8. d4 O-O 9. Nf3 Re8 10. O-O a6 11. Ba4 b5 12. Bb3 Nb6 13. d6 Bxd6 14. Ne5 Be6 15. Bg5 Bxb3 16. axb3 Kg7 17. Rfe1 h6 18. Bf4 Nfd5 19. Bg3 Qf6 20. Qd2 Bb4 21. Re2 Red8 22. Qc2 Bf8 23. Ng4 Qg5 24. h3 1-0


[Site "https://www.chess.com"]

[Event "Titled Tuesday Blitz August 22 Early 2023"]
[White "Goffredo_Fofi"]
[Black "Rego, Pedro Filipe"]
[BlackFideId "1904310"]
[WhiteElo "2502"]
[BlackElo "2378"]
[Result "0-1"]
[Round "6"]
[TimeControl "180+1"]
[Date "2023.08.22"]
[WhiteClock "0:00:00"]
[BlackClock "0:00:08"]
[Board "146"]

1. d4 Nf6 2. Nf3 d5 3. e3 c5 4. c3 e6 5. Nbd2 Bd6 6. dxc5 Bxc5 7. b4 Bd6 8. Bb2 O-O 9. a3 Nc6 10. c4 a5 11. b5 Ne7 12. Bd3 Ng6 13. O-O b6 14. Rc1 Bb7 15. Nd4 Rc8 16. cxd5 Bxd5 17. Nc6 Qd7 18. Qe2 Qb7 19. e4 Nf4 20. Qe3 Ng4 21. Qg3 Ne2+ 22. Bxe2 Bxg3 23. hxg3 Bxc6 24. bxc6 Rxc6 25. Bxg4 Rd8 26. Nc4 Qc7 27. Ne5 Rxc1 28. Rxc1 Qe7 29. Bh5 Rf8 30. Rc6 g6 31. Be2 h5 32. g4 Rd8 0-1


[Site "https://www.chess.com"]

[Event "Titled Tuesday Blitz August 22 Early 2023"]
[White "Warchol, Kamil"]
[Black "Kozelov, Roman"]
[WhiteFideId "21858241"]
[BlackFideId "14133377"]
[WhiteElo "2499"]
[BlackElo "2377"]
[Result "1-0"]
[Round "6"]
[TimeControl "180+1"]
[Date "2023.08.22"]
[WhiteClock "0:00:48"]
[BlackClock "0:00:08"]
[Board "147"]

1. e4 e6 2. d4 d5 3. Nd2 dxe4 4. Nxe4 Nd7 5. Nf3 Ngf6 6. Nxf6+ Nxf6 7. Bd3 Be7 8. Bg5 O-O 9. Qe2 Bd7 10. O-O-O b5 11. Bxb5 Rb8 12. Bxd7 Qxd7 13. Qa6 Rb6 14. Qxa7 Rfb8 15. b3 Qd5 16. Rhe1 Ra8 17. Qxc7 Ba3+ 18. Kb1 Rc6 19. Qb7 Rac8 20. Bc1 Bxc1 21. Rxc1 Ne4 22. Rxe4 Qxe4 23. Ne5 Rxc2 24. Qxe4 Rxc1+ 25. Kb2 f6 26. Nc4 Rf1 27. Qxe6+ 1-0


[Site "https://www.chess.com"]

[Event "Titled Tuesday Blitz August 22 Early 2023"]
[White "Ovezdurdyyeva, Jemal"]
[Black "Dinosaurio_1975"]
[WhiteFideId "14001888"]
[WhiteElo "2375"]
[BlackElo "2498"]
[Result "0-1"]
[Round "6"]
[TimeControl "180+1"]
[Date "2023.08.22"]
[WhiteClock "0:00:07"]
[BlackClock "0:00:10"]
[Board "148"]

1. e4 c6 2. d4 d5 3. Nc3 dxe4 4. Nxe4 Nf6 5. Ng3 h5 6. h4 c5 7. Be3 cxd4 8. Qxd4 Qxd4 9. Bxd4 Nc6 10. Bc3 Nd5 11. Bd2 g6 12. Bc4 Be6 13. N1e2 Bg7 14. O-O-O Rc8 15. Rhe1 O-O 16. Kb1 Ne5 17. Bb3 Ng4 18. Rf1 Rfd8 19. Bg5 Rd7 20. Nd4 Rcd8 21. c3 Bxd4 22. Rxd4 Nc7 23. Rxd7 Rxd7 24. Ba4 b5 25. Bc2 a5 26. f3 Ne5 27. Re1 Nc4 28. Ne4 Na6 29. Rd1 Rxd1+ 30. Bxd1 b4 31. Bxe7 bxc3 32. Nxc3 Ne3 33. Be2 Nc7 34. g3 Bf5+ 35. Kc1 Ne6 36. Bd6 Nd4 37. Kd2 Nxe2 38. Kxe3 Nxc3 39. bxc3 Be6 40. a3 f6 41. Kd4 Kf7 42. c4 Ke8 43. Kc5 Kd7 44. Kb5 Kxd6 45. Kxa5 Kc5 0-1


[Site "https://www.chess.com"]

[Event "Titled Tuesday Blitz August 22 Early 2023"]
[White "Yurasova, Daria"]
[Black "Slovineanu, Viacheslav"]
[WhiteFideId "34146919"]
[BlackFideId "13900510"]
[WhiteElo "2498"]
[BlackElo "2375"]
[Result "0-1"]
[Round "6"]
[TimeControl "180+1"]
[Date "2023.08.22"]
[WhiteClock "0:00:12"]
[BlackClock "0:00:11"]
[Board "149"]

1. d4 Nf6 2. Bg5 d5 3. Bxf6 exf6 4. e3 Bd6 5. g3 O-O 6. Bg2 c6 7. Ne2 Be6 8. O-O Nd7 9. Nd2 f5 10. Rc1 b5 11. b3 Ba3 12. Rb1 Nf6 13. c4 Ne4 14. Nxe4 fxe4 15. c5 Bb4 16. Nf4 Bd7 17. h4 Ba5 18. a4 a6 19. h5 Bc7 20. h6 g6 21. Nh3 Qc8 22. Kh2 Re8 23. Rh1 Bg4 24. Qf1 Qf5 25. Nf4 g5 26. Nh3 Qg6 27. Kg1 Qxh6 28. Qc1 Qg6 29. Qd2 h6 30. Kf1 Kg7 31. Ng1 f5 32. Bh3 Bxh3+ 33. Rxh3 Rab8 34. axb5 axb5 35. Ne2 Ra8 36. Kg2 f4 37. gxf4 gxf4+ 38. Kh1 Kh7 39. Rg1 Qf5 40. Rh4 f3 41. Ng3 Bxg3 42. Rxg3 Rg8 43. Rgh3 Rg6 44. Kh2 Qg5 0-1


[Site "https://www.chess.com"]

[Event "Titled Tuesday Blitz August 22 Early 2023"]
[White "Konenkin, Dmitry"]
[Black "arenal72"]
[WhiteFideId "4185781"]
[WhiteElo "2370"]
[BlackElo "2496"]
[Result "0-1"]
[Round "6"]
[TimeControl "180+1"]
[Date "2023.08.22"]
[WhiteClock "0:00:02"]
[BlackClock "0:01:28"]
[Board "150"]

1. d4 d6 2. e4 Nf6 3. Nc3 g6 4. Be2 Bg7 5. h4 h5 6. Bg5 a6 7. a4 Nc6 8. Nf3 O-O 9. Qd2 Bg4 10. O-O e5 11. dxe5 dxe5 12. Qxd8 Raxd8 13. Nd5 Nxd5 14. Bxd8 Nf4 15. Bxc7 Nxe2+ 16. Kh2 Bxf3 17. gxf3 Ncd4 18. Kg2 Rc8 19. Bb6 Nf4+ 20. Kg3 Nde2+ 21. Kh2 Rxc2 22. b4 Nd4 23. Kg3 Nfe2+ 24. Kg2 Rc3 25. Rfe1 Nf4+ 26. Kg3 Rxf3+ 27. Kh2 Rh3+ 28. Kg1 Nf3+ 0-1


[Site "https://www.chess.com"]

[Event "Titled Tuesday Blitz August 22 Early 2023"]
[White "Czerw, Dawid"]
[Black "Tanwir, Furqan"]
[WhiteFideId "1145746"]
[BlackFideId "2023962"]
[WhiteElo "2495"]
[BlackElo "2366"]
[Result "1-0"]
[Round "6"]
[TimeControl "180+1"]
[Date "2023.08.22"]
[WhiteClock "0:01:57"]
[BlackClock "0:01:26"]
[Board "151"]

1. c4 e5 2. Nc3 Nc6 3. g3 Bc5 4. Bg2 d6 5. e3 a6 6. Nge2 Ba7 7. O-O h5 8. d4 h4 9. b3 hxg3 10. fxg3 Bg4 11. Qe1 exd4 12. exd4 Nge7 13. Qf2 O-O 14. h3 Bxe2 15. Nxe2 Re8 16. Kh2 f6 17. Bb2 Qd7 18. Rae1 Ng6 19. Bd5+ Kf8 20. Nf4 Nxf4 21. Qxf4 Rxe1 22. Rxe1 Re8 23. Rf1 Re2+ 24. Rf2 Rxb2 25. Rxb2 Nxd4 26. Qh4 Qf7 27. Qh8+ Ke7 28. Bxf7 Nf3+ 29. Kg2 1-0


[Site "https://www.chess.com"]

[Event "Titled Tuesday Blitz August 22 Early 2023"]
[White "Itkis, Boris"]
[Black "Kekic, Armin"]
[WhiteFideId "1209167"]
[BlackFideId "14401274"]
[WhiteElo "2481"]
[BlackElo "2362"]
[Result "1-0"]
[Round "6"]
[TimeControl "180+1"]
[Date "2023.08.22"]
[WhiteClock "0:01:38"]
[BlackClock "0:00:06"]
[Board "152"]

1. d4 d5 2. Nc3 Nf6 3. Bf4 e6 4. Nb5 Na6 5. e3 c6 6. Nc3 Nc7 7. Nf3 Bd6 8. Ne5 O-O 9. Bd3 h6 10. g4 c5 11. h4 cxd4 12. exd4 Nd7 13. Nxf7 Rxf7 14. Bxd6 Qf6 15. Qe2 Ne8 16. Bg3 Nb6 17. O-O-O Qf3 18. Qxf3 Rxf3 19. g5 hxg5 20. hxg5 Nc4 21. Bg6 Bd7 22. Rh4 Kf8 23. Rf4+ Rxf4 24. Bxf4 Ned6 25. b3 Nb5 26. Nxb5 1-0


[Site "https://www.chess.com"]

[Event "Titled Tuesday Blitz August 22 Early 2023"]
[White "Tsyhanchuk, Stanislav"]
[Black "Ziatdinov, Raset"]
[WhiteFideId "13505130"]
[BlackFideId "2015323"]
[WhiteElo "2480"]
[BlackElo "2360"]
[Result "1/2-1/2"]
[Round "6"]
[TimeControl "180+1"]
[Date "2023.08.22"]
[WhiteClock "0:01:08"]
[BlackClock "0:00:35"]
[Board "153"]

1. e4 c5 2. Nf3 d6 3. c4 Nf6 4. Nc3 g6 5. d4 cxd4 6. Nxd4 Bg7 7. Be2 O-O 8. Be3 Nc6 9. O-O Nxd4 10. Bxd4 Be6 11. b3 a6 12. f4 Qa5 13. Nd5 Bxd5 14. cxd5 Nxe4 15. Bxg7 Kxg7 16. Qd4+ Nf6 17. Bf3 Rac8 18. Rfe1 Rc7 19. g4 Qc3 20. Qxc3 Rxc3 21. Kf2 Rc7 22. g5 Ng8 23. Bg4 h5 24. Bh3 Rc2+ 25. Kg1 Rc3 26. Kg2 Rc2+ 27. Kg1 Rc3 28. Kg2 Rc2+ 29. Kg1 1/2-1/2


[Site "https://www.chess.com"]

[Event "Titled Tuesday Blitz August 22 Early 2023"]
[White "Okike, David"]
[Black "Flynn, Jacob"]
[WhiteFideId "8500134"]
[BlackFideId "2509393"]
[WhiteElo "2361"]
[BlackElo "2478"]
[Result "1-0"]
[Round "6"]
[TimeControl "180+1"]
[Date "2023.08.22"]
[WhiteClock "0:01:11"]
[BlackClock "0:00:04"]
[Board "154"]

1. e4 e5 2. Nf3 Nc6 3. Bc4 Nf6 4. d3 Bc5 5. c3 d6 6. Bg5 h6 7. Bh4 O-O 8. O-O a6 9. a4 Ba7 10. a5 Qe7 11. Nbd2 g5 12. Bg3 Nh7 13. Qb3 Nd8 14. d4 Nc6 15. dxe5 dxe5 16. Bd5 Be6 17. Nc4 f6 18. Ncxe5 fxe5 19. Bxe6+ Kg7 20. Bd5 Rxf3 21. gxf3 h5 22. Qxb7 Rb8 23. Qxc6 h4 24. Qxa6 Bc5 25. Kg2 hxg3 26. hxg3 Nf6 27. b4 Bd6 28. Rh1 Rf8 29. Qd3 g4 30. fxg4 Nxg4 31. f3 Nf6 32. Qe3 Nxd5 33. Qh6+ Kf7 34. Qh7+ Ke8 35. Qxe7+ Nxe7 36. a6 Kd7 37. a7 Ra8 38. Rhd1 Ke6 39. Ra4 Nc6 40. b5 Rxa7 41. Rxa7 Nxa7 42. c4 Nc8 43. Kf2 Nb6 44. Rc1 Nd7 45. Ke3 Bc5+ 46. Kd3 Bd4 47. Ke2 Nc5 48. Rh1 Na4 49. Rh7 Kd6 50. f4 Nb2 51. f5 Nxc4 52. g4 Be3 53. Kd3 Kc5 54. Rxc7+ Kxb5 55. Rxc4 Bf4 56. Rc8 Bg5 57. Kc3 Bf6 58. Re8 Kc6 59. Re6+ 1-0


[Site "https://www.chess.com"]

[Event "Titled Tuesday Blitz August 22 Early 2023"]
[White "laidfrq"]
[Black "Shuvalov, Evgenij"]
[BlackFideId "4187237"]
[WhiteElo "2350"]
[BlackElo "2477"]
[Result "1-0"]
[Round "6"]
[TimeControl "180+1"]
[Date "2023.08.22"]
[WhiteClock "0:01:45"]
[BlackClock "0:00:59"]
[Board "155"]

1. e4 e6 2. d4 d5 3. Nc3 Bb4 4. Ne2 Nc6 5. a3 Ba5 6. e5 f6 7. Nf4 Qe7 8. Bb5 Bd7 9. Bxc6 Bxc6 10. O-O fxe5 11. dxe5 Nh6 12. b4 Bb6 13. a4 a5 14. b5 Bd7 15. Ncxd5 exd5 16. e6 Bc8 17. Qh5+ Kf8 18. Ba3 Bc5 19. Nxd5 Bxa3 20. Nxe7 Bxe7 21. Rae1 b6 22. Qf3+ 1-0


[Site "https://www.chess.com"]

[Event "Titled Tuesday Blitz August 22 Early 2023"]
[White "Ardila, Oscar Humberto"]
[Black "Urbina Perez, Juan Antonio"]
[WhiteFideId "4404742"]
[BlackFideId "2217368"]
[WhiteElo "2338"]
[BlackElo "2477"]
[Result "0-1"]
[Round "6"]
[TimeControl "180+1"]
[Date "2023.08.22"]
[WhiteClock "0:00:46"]
[BlackClock "0:01:36"]
[Board "156"]

1. d4 d5 2. c4 c6 3. e3 Nf6 4. Nc3 Bf5 5. Nf3 e6 6. Bd3 Bxd3 7. Qxd3 Nbd7 8. O-O Bd6 9. e4 dxe4 10. Nxe4 Nxe4 11. Qxe4 Nf6 12. Qe2 O-O 13. Re1 Re8 14. Bg5 h6 15. Bh4 Be7 16. Rad1 Qa5 17. b3 b5 18. Ne5 Rac8 19. Qf3 bxc4 20. Nxc6 Qxa2 21. Nxe7+ Rxe7 22. Bxf6 gxf6 23. Qxf6 Rec7 24. bxc4 Rxc4 25. Rd3 Rc3 26. Rxc3 Rxc3 27. d5 Qd2 28. Rf1 Rc1 29. g3 Rxf1+ 30. Kxf1 Qd1+ 31. Kg2 Qxd5+ 32. f3 h5 33. h4 a5 34. Qc3 a4 35. Qc8+ Kg7 36. Qa6 Qb3 37. Qa5 Qc2+ 38. Kg1 Qd1+ 39. Kg2 Qe2+ 40. Kh3 Qxf3 41. Qg5+ Kh7 42. Qa5 Qh1# 0-1


[Site "https://www.chess.com"]